 Dungeon Crawl Stone Soup version 0.21.0-34-g9234887 (webtiles) character file.

18945 tidbits the Thaumaturge (level 12, -3/91 HPs)
             Began as a Gnoll Fire Elementalist on Jan 29, 2018.
             Was a High Priest of Cheibriados.
             Slain by a frost giant
             ... wielding a +1 battleaxe of freezing
              (4 damage)
             ... in an ice cave.
             The game lasted 01:06:04 (4912 turns).

tidbits the Thaumaturge (Gnoll Fire Elementalist)   Turns: 4912, Time: 01:06:05

Health: -3/91      AC: 12    Str: 22    XL:     12   Next: 63%
Magic:  15/25      EV: 21    Int: 33    God:    Cheibriados [*****.]
Gold:   701        SH:  8    Dex: 27    Spells: 6/29 levels left

rFire    + . .     SeeInvis .   a - staff of fire
rCold    + . .     Gourm    .   D - +0 buckler
rNeg     . . .     Faith    .   O - +2 robe {rC+}
rPois    .         Spirit   .   (no helmet)
rElec    .         Reflect  .   C - +2 cloak
rCorr    .         Harm     .   G - +2 pair of gloves
MR       .....                  F - +0 pair of boots
Stlth    +++++.....             Y - amulet of magic regeneration
HPRegen  0.25/turn              (no ring)
MPRegen  0.44/turn              W - ring of wizardry

@: very slow
A: distributed training, fangs 1, strong nose
a: Bend Time, Temporal Distortion, Slouch, Step From Time, Renounce Religion


You were in an ice cave.
You worshipped Cheibriados.
Cheibriados was extremely pleased with you.
You were not hungry.

You visited 3 branches of the dungeon, and saw 15 of its levels.
You also visited: Ice Cave.

You collected 1233 gold pieces.
You spent 532 gold pieces at shops.

Inventory:

Hand Weapons
 b - a +1 dagger of pain
   (You took it off Maurice on level 10 of the Dungeon)
 d - a +0 club
 p - a +0 dagger
 q - a +0 flail
 x - a +1 long sword
 J - a +1 war axe of freezing
   (You took it off an orc on level 8 of the Dungeon)
 R - a +1 short sword of venom
   (You found it on level 11 of the Dungeon)
Missiles
 e - 4 tomahawks of returning
 t - 53 arrows
 X - 19 tomahawks (quivered)
Armour
 g - a +0 robe
 i - a +0 pair of gloves
 l - a +0 shield
 u - a +0 ring mail
 B - a +0 troll leather armour
 C - a +2 cloak (worn)
 D - a +0 buckler (worn)
 E - a +0 robe
 F - a +0 pair of boots (worn)
 G - a +2 pair of gloves (worn)
 I - a +0 hat
 O - a +2 robe of cold resistance (worn)
   (You took it off Dowan on level 7 of the Dungeon)
Magical Staves
 a - an uncursed staff of fire (weapon)
   (You took it off an orc wizard on level 5 of the Dungeon)
Jewellery
 f - an uncursed ring of fire
   (You found it on level 1 of the Dungeon)
 m - an uncursed ring of positive energy
   (You found it on level 4 of the Dungeon)
 K - a +2 ring of strength
   (You acquired it on level 8 of the Dungeon)
 L - an uncursed amulet of the gourmand
   (You found it on level 9 of the Dungeon)
 P - an uncursed ring of poison resistance
   (You found it on level 6 of the Dungeon)
 V - an uncursed amulet of harm
   (You took it off an orc on level 9 of the Dungeon)
 W - a ring of wizardry (right hand)
   (You found it on level 10 of the Dungeon)
 Y - an amulet of magic regeneration (around neck)
   (You bought it in a shop on level 8 of the Dungeon)
Wands
 y - a wand of polymorph (39)
 z - a wand of enslavement (10)
 H - a wand of clouds (1)
 S - a wand of scattershot (3)
Scrolls
 k - a scroll of noise
 r - 2 scrolls of remove curse
 s - a scroll of enchant weapon
 U - a scroll of magic mapping
Potions
 j - 3 potions of haste
 n - a potion of cancellation
 M - a potion of flight
Books
 o - a book of Flames

   Spells                             Type                      Level
   a - Flame Tongue                   Conjuration/Fire             1
   b - Throw Flame                    Conjuration/Fire             2
   c - Conjure Flame                  Conjuration/Fire             3
   d - Inner Flame                    Hexes/Fire                   3
   e - Sticky Flame                   Conjuration/Fire             4
   f - Fireball                       Conjuration/Fire             5
 A - a book of Misfortune
   (You found it on level 9 of the Dungeon)

   Spells                             Type                      Level
   a - Confusing Touch                Hexes                        1
   b - Confuse                        Hexes                        3
   c - Gell's Gravitas                Translocation                3
   d - Petrify                        Transmutation/Earth          4
   e - Metabolic Englaciation         Hexes/Ice                    5
   f - Yara's Violent Unravelling     Hexes/Transmutation          5
 N - a book of Geomancy
   (You found it on level 10 of the Dungeon)

   Spells                             Type                      Level
   a - Sandblast                      Earth                        1
   b - Passwall                       Transmutation/Earth          2
   c - Stone Arrow                    Conjuration/Earth            3
   d - Petrify                        Transmutation/Earth          4
   e - Lee's Rapid Deconstruction     Earth                        5
 Q - a book of the Earth
   (You found it on level 12 of the Dungeon)

   Spells                             Type                      Level
   a - Leda's Liquefaction            Hexes/Earth                  4
   b - Bolt of Magma                  Conjuration/Fire/Earth       5
   c - Statue Form                    Transmutation/Earth          6
   d - Iron Shot                      Conjuration/Earth            6
   e - Shatter                        Earth                        9
Comestibles
 c - 13 rations


   Skills:
 + Level 7.3 Fighting
 + Level 7.3 Short Blades
 + Level 7.3 Long Blades
 + Level 7.3 Axes
 + Level 7.3 Maces & Flails
 + Level 7.3 Polearms
 + Level 7.3 Staves
 + Level 7.3 Slings
 + Level 7.3 Bows
 + Level 7.3 Crossbows
 + Level 7.3 Throwing
 + Level 7.3 Armour
 + Level 8.7 Dodging
 + Level 8.5 Stealth
 + Level 7.3 Shields
 + Level 7.3 Unarmed Combat
 + Level 9.0 Spellcasting
 + Level 6.5 Conjurations
 + Level 6.1 Hexes
 + Level 6.1 Charms
 + Level 6.1 Summonings
 + Level 6.1 Necromancy
 + Level 6.1 Translocations
 + Level 6.1 Transmutations
 + Level 8.3 Fire Magic
 + Level 6.1 Ice Magic
 + Level 6.1 Air Magic
 + Level 6.1 Earth Magic
 + Level 6.1 Poison Magic
 + Level 8.0 Invocations
 + Level 7.3 Evocations


You had 6 spell levels left.
You knew the following spells:

 Your Spells              Type           Power        Failure   Level  Hunger
a - Flame Tongue          Conj/Fire      #####        1%          1    None
c - Confuse               Hex            ######..     1%          3    None
f - Fireball              Conj/Fire      #######...   1%          5    ###....
j - Throw Flame           Conj/Fire      ######       1%          2    None
p - Passwall              Tmut/Erth      ######....   1%          2    None
t - Sticky Flame          Conj/Fire      #######.     1%          4    None
u - Conjure Flame         Conj/Fire      #######.     1%          3    None
F - Inner Flame           Hex/Fire       #######.     1%          3    None


Dungeon Overview and Level Annotations

Branches:
Dungeon (12/15)            Temple (1/1) D:6            Lair (0/6) D:9
    Orc (2/2) D:9             Elf (0/3) Orc:2

Altars:
Ashenzari
Cheibriados
Elyvilon
Gozag
Hepliaklqana
Kikubaaqudgha
Nemelex Xobeh
Okawaru
Ru
Sif Muna
Trog
Vehumet
Wu Jian
Xom
Zin
The Shining One

Shops:
D:6 [   D:8 =

Annotations:
Orc:1 Fannar


Innate Abilities, Weirdness & Mutations

Your experience applies equally to all skills.
You have very sharp teeth.
Your uncanny sense of smell can sniff out nearby items.


Message History

You hit the yak but do no damage. You burn the yak!
The yak is almost dead.
The yak gores you but does no damage.
You hit the yak but do no damage.
You kill the yak!
Cheibriados thoroughly appreciates the change of pace.
Your Spellcasting skill increases to level 9!
Casting: Conjure Flame
Confirm with . or Enter, or press ? or * to list all spells.
Aiming: Conjure Flame
Press: ? - help, Dir - move target cursor You feel a surge of power!
The fire ignites!
The yak snorts and paws the ground.
The yak gores you!
You hit the yak. You burn the yak! Your bite misses the yak.
The yak is severely wounded.
The yak barely misses you.
You barely miss the yak.
The yak is severely wounded.
The yak gores you.
You hit the yak but do no damage. You burn the yak!
The yak is almost dead.
Unknown command.
You hit the yak but do no damage. You burn the yak!
You bite the yak, but do no damage.
The yak is almost dead.
The yak gores you!
The frost giant is engulfed in blazing flames.
You hit the yak.
The yak is almost dead.
The yak closely misses you.
The polar bear is engulfed in blazing flames.
You hit the yak but do no damage.
The yak is almost dead.
The yak gores you but does no damage.
The polar bear is engulfed in blazing flames.
The yak gores you.
* * * LOW HITPOINT WARNING * * *
The polar bear is engulfed in blazing flames.
You kill the polar bear!
Cheibriados appreciates the change of pace.
Unknown command.
The yak gores you.
* * * LOW HITPOINT WARNING * * *
The frost giant is engulfed in blazing flames.
Unknown command.
You barely miss the yak.
The yak is almost dead.
The yak completely misses you.
The frost giant is engulfed in blazing flames.
You completely miss the yak. You bite the yak, but do no damage.
The yak is almost dead.
The yak closely misses you.
The frost giant is engulfed in blazing flames.
You hit the yak.
You kill the yak!
Cheibriados thoroughly appreciates the change of pace.
Unknown command.
You hit the wolf but do no damage. You burn the wolf!
The wolf is heavily wounded.
You block the wolf's attack.
The frost giant is engulfed in blazing flames.
Casting: Conjure Flame
Confirm with . or Enter, or press ? or * to list all spells.
Aiming: Sticky Flame
Press: ? - help, Shift-Dir - straight line, f - frost giant
Aim: a frost giant, wielding a battleaxe of freezing (moderately wounded)
You feel a surge of power!
The sticky flame hits the frost giant.
The frost giant is heavily wounded.
The frost giant is covered in liquid flames!
The frost giant burns!
The wolf is engulfed in blazing flames. x2
Casting: Sticky Flame
Confirm with . or Enter, or press ? or * to list all spells.
Aiming: Fireball
Press: ? - help, Shift-Dir - straight line, p - frost giant
Okay, then.
Casting: Fireball
Confirm with . or Enter, or press ? or * to list all spells.
Aiming: Throw Flame
Press: ? - help, Shift-Dir - straight line, f/p - frost giant
Aim: a frost giant, wielding a battleaxe of freezing (heavily wounded, covered in liquid flames)
You feel a surge of power!
The puff of flame hits the frost giant.
The frost giant is heavily wounded.
The frost giant burns!
The wolf is engulfed in blazing flames.
You kill the wolf!
Cheibriados thoroughly appreciates the change of pace.
The frost giant hits you with a battleaxe of freezing!
* * * LOW HITPOINT WARNING * * *
Casting: Throw Flame
Confirm with . or Enter, or press ? or * to list all spells.
Aiming: Throw Flame
Press: ? - help, Shift-Dir - straight line, f/p - frost giant
Aim: a frost giant, wielding a battleaxe of freezing (heavily wounded, covered in liquid flames)
You feel a surge of power!
The puff of flame hits the frost giant.
The frost giant is severely wounded.
The frost giant burns!
The frost giant hits you with a battleaxe of freezing!!
* * * LOW HITPOINT WARNING * * *
The frost giant freezes you.
You die... ...## ..h.## Y.C... #Y.Yh.. .Yhh.

##.Y.
#§.#
#C##
#§@#
##.##
#..#
#..##
##..#
##
##.#
#.
#..#
##.
##..#
#..
#..##
###


You could see a frost giant (burning).

Vanquished Creatures
  An orc warlord (Orc:1)
  The ghost of tidbits the Magician, a journeyman GnFE of Cheibriados (Orc:1)
  5 two-headed ogres
  2 orc sorcerers (Orc:1)
  Maurice (D:10)
  2 ice statues (IceCv)
  A troll (D:12)
  12 polar bears (IceCv)
  2 hippogriffs
  A wraith (D:9)
  2 wyverns (D:11)
  10 yaks
  A hungry ghost (D:9)
  A two-headed ogre zombie (D:9)
  4 wargs
  Duvessa (D:7)
  18 orc warriors
  A black bear (D:7)
  An ice beast (D:8)
  2 sky beasts
  7 ogres
  5 wolves (IceCv)
  6 centaurs
  A bullfrog (D:9)
  Dowan (D:7)
  A wyvern skeleton (D:11)
  2 scorpions
  9 killer bees
  3 troll zombies (D:9)
  2 howler monkeys (D:8)
  4 crimson imps
  A jelly (D:11)
  13 orc wizards
  A centaur skeleton (D:5)
  11 orc priests
  3 hounds
  An iguana (D:5)
  5 worker ants
  A killer bee zombie (D:8)
  4 ogre zombies (D:9)
  2 hound zombies
  2 worker ant zombies (D:5)
  3 gnolls (D:9)
  11 adders
  2 shadow imps
  An ooze (D:5)
  2 adder skeletons
  2 adder zombies (D:5)
  A worm (D:2)
  A dart slug (D:3)
  5 leopard geckos
  66 orcs
  2 ball pythons
  5 bats
  4 giant cockroaches
  2 hobgoblins (D:2)
  16 jackals
  3 kobolds
  4 quokkas
  A frilled lizard (D:3)
  3 goblins
  A goblin zombie (D:9)
  2 hobgoblin skeletons (D:9)
  4 orc skeletons (D:9)
  17 orc zombies (D:9)
  A rat (D:3)
313 creatures vanquished.

Vanquished Creatures (collateral kills)
  An orc warrior (Orc:1)
  An ice beast (D:9)
  A gnoll sergeant (D:9)
  A killer bee (D:9)
  An orc priest (Orc:1)
  2 orc wizards (Orc:1)
  2 worker ants
  An adder (D:9)
  An orc (Orc:1)
11 creatures vanquished.

Vanquished Creatures (others)
  2 orc warriors
  A gnoll (D:9)
  2 orcs (D:8)
5 creatures vanquished.

Grand Total: 329 creatures vanquished

Notes
Turn   | Place    | Note
-------+----------+-------------------------------------------
     0 | D:1      | tidbits the Gnoll Fire Elementalist began the quest for the Orb.
     0 | D:1      | Reached XP level 1. HP: 13/13 MP: 6/6
   108 | D:1      | Reached skill level 2 in Conjurations
   130 | D:2      | Reached XP level 2. HP: 20/20 MP: 2/7
   257 | D:2      | Reached XP level 3. HP: 24/25 MP: 7/9
   261 | D:2      | Learned a level 2 spell: Throw Flame
   265 | D:2      | Learned a level 3 spell: Conjure Flame
   269 | D:2      | Learned a level 3 spell: Inner Flame
   334 | D:2      | Reached skill level 5 in Spellcasting
   382 | D:4      | Reached skill level 1 in Fighting
   382 | D:4      | Reached skill level 1 in Short Blades
   382 | D:4      | Reached skill level 1 in Long Blades
   382 | D:4      | Reached skill level 1 in Axes
   382 | D:4      | Reached skill level 1 in Maces & Flails
   382 | D:4      | Reached skill level 1 in Polearms
   382 | D:4      | Reached skill level 1 in Staves
   382 | D:4      | Reached skill level 1 in Slings
   382 | D:4      | Reached skill level 1 in Bows
   382 | D:4      | Reached skill level 1 in Crossbows
   382 | D:4      | Reached skill level 1 in Throwing
   382 | D:4      | Reached skill level 1 in Armour
   382 | D:4      | Reached skill level 1 in Shields
   382 | D:4      | Reached skill level 1 in Unarmed Combat
   382 | D:4      | Reached skill level 1 in Invocations
   382 | D:4      | Reached skill level 1 in Evocations
   382 | D:4      | Reached XP level 4. HP: 26/32 MP: 4/11
   388 | D:4      | Learned a level 4 spell: Sticky Flame
   430 | D:4      | Found a sacrificial altar of Ru.
   490 | D:4      | Reached skill level 1 in Hexes
   490 | D:4      | Reached skill level 1 in Charms
   490 | D:4      | Reached skill level 1 in Summonings
   490 | D:4      | Reached skill level 1 in Necromancy
   490 | D:4      | Reached skill level 1 in Translocations
   490 | D:4      | Reached skill level 1 in Transmutations
   490 | D:4      | Reached skill level 1 in Ice Magic
   490 | D:4      | Reached skill level 1 in Air Magic
   490 | D:4      | Reached skill level 1 in Earth Magic
   490 | D:4      | Reached skill level 1 in Poison Magic
   497 | D:5      | Entered Level 5 of the Dungeon
   585 | D:3      | Reached XP level 5. HP: 27/37 MP: 3/12
   950 | D:4      | Noticed an ogre
   973 | D:4      | Killed an ogre
   973 | D:4      | Reached skill level 2 in Invocations
   973 | D:4      | Reached XP level 6. HP: 39/44 MP: 2/14
  1107 | D:5      | Reached skill level 2 in Fighting
  1107 | D:5      | Reached skill level 2 in Short Blades
  1107 | D:5      | Reached skill level 2 in Long Blades
  1107 | D:5      | Reached skill level 2 in Axes
  1107 | D:5      | Reached skill level 2 in Maces & Flails
  1107 | D:5      | Reached skill level 2 in Polearms
  1107 | D:5      | Reached skill level 2 in Staves
  1107 | D:5      | Reached skill level 2 in Slings
  1107 | D:5      | Reached skill level 2 in Bows
  1107 | D:5      | Reached skill level 2 in Crossbows
  1107 | D:5      | Reached skill level 2 in Throwing
  1107 | D:5      | Reached skill level 2 in Armour
  1107 | D:5      | Reached skill level 5 in Dodging
  1107 | D:5      | Reached skill level 2 in Shields
  1107 | D:5      | Reached skill level 2 in Unarmed Combat
  1107 | D:5      | Reached skill level 2 in Evocations
  1256 | D:6      | Found a deep blue altar of Sif Muna.
  1285 | D:5      | Reached XP level 7. HP: 50/50 MP: 10/15
  1349 | D:6      | Found Letem's Antique Armour Boutique.
  1357 | D:6      | Bought a cloak for 112 gold pieces
  1381 | D:7      | Found a radiant altar of Vehumet.
  1437 | D:7      | Found a white marble altar of Elyvilon.
  1536 | D:5      | Reached skill level 2 in Hexes
  1536 | D:5      | Reached skill level 2 in Charms
  1536 | D:5      | Reached skill level 2 in Summonings
  1536 | D:5      | Reached skill level 2 in Necromancy
  1536 | D:5      | Reached skill level 2 in Translocations
  1536 | D:5      | Reached skill level 2 in Transmutations
  1536 | D:5      | Reached skill level 2 in Ice Magic
  1536 | D:5      | Reached skill level 2 in Air Magic
  1536 | D:5      | Reached skill level 2 in Earth Magic
  1536 | D:5      | Reached skill level 2 in Poison Magic
  1561 | D:5      | Reached skill level 3 in Conjurations
  1596 | D:5      | Reached skill level 5 in Stealth
  1645 | D:5      | Found a hazy altar of Hepliaklqana.
  1704 | D:5      | Reached skill level 3 in Invocations
  1717 | D:5      | Reached XP level 8. HP: 54/57 MP: 2/16
  1746 | D:5      | Reached skill level 6 in Fire Magic
  1757 | D:5      | Reached skill level 3 in Fighting
  1757 | D:5      | Reached skill level 3 in Short Blades
  1757 | D:5      | Reached skill level 3 in Long Blades
  1757 | D:5      | Reached skill level 3 in Axes
  1757 | D:5      | Reached skill level 3 in Maces & Flails
  1757 | D:5      | Reached skill level 3 in Polearms
  1757 | D:5      | Reached skill level 3 in Staves
  1757 | D:5      | Reached skill level 3 in Slings
  1757 | D:5      | Reached skill level 3 in Bows
  1757 | D:5      | Reached skill level 3 in Crossbows
  1757 | D:5      | Reached skill level 3 in Throwing
  1757 | D:5      | Reached skill level 3 in Armour
  1757 | D:5      | Reached skill level 3 in Shields
  1757 | D:5      | Reached skill level 3 in Unarmed Combat
  1757 | D:5      | Reached skill level 3 in Evocations
  1852 | D:6      | Found a staircase to the Ecumenical Temple.
  1860 | Temple   | Entered the Ecumenical Temple
  1979 | D:7      | Noticed Duvessa
  1979 | D:7      | Noticed Dowan
  1988 | D:7      | Killed Duvessa
  1993 | D:7      | Killed Dowan
  1993 | D:7      | Reached skill level 6 in Spellcasting
  2130 | D:8      | Identified a scroll of acquirement
  2251 | D:8      | Found Xeoqasuff's Jewellery Boutique.
  2260 | D:8      | Reached skill level 3 in Hexes
  2260 | D:8      | Reached skill level 3 in Charms
  2260 | D:8      | Reached skill level 3 in Summonings
  2260 | D:8      | Reached skill level 3 in Necromancy
  2260 | D:8      | Reached skill level 3 in Translocations
  2260 | D:8      | Reached skill level 3 in Transmutations
  2260 | D:8      | Reached skill level 3 in Ice Magic
  2260 | D:8      | Reached skill level 3 in Air Magic
  2260 | D:8      | Reached skill level 3 in Earth Magic
  2260 | D:8      | Reached skill level 3 in Poison Magic
  2260 | D:8      | Reached skill level 4 in Invocations
  2287 | D:8      | Reached skill level 6 in Dodging
  2287 | D:8      | Reached XP level 9. HP: 39/65 MP: 0/18
  2340 | D:8      | Found an ancient bone altar of Kikubaaqudgha.
  2371 | D:8      | Found a snail-covered altar of Cheibriados.
  2379 | D:8      | Became a worshipper of Cheibriados the Contemplative
  2573 | D:8      | Reached skill level 4 in Fighting
  2573 | D:8      | Reached skill level 4 in Short Blades
  2573 | D:8      | Reached skill level 4 in Long Blades
  2573 | D:8      | Reached skill level 4 in Axes
  2573 | D:8      | Reached skill level 4 in Maces & Flails
  2573 | D:8      | Reached skill level 4 in Polearms
  2573 | D:8      | Reached skill level 4 in Staves
  2573 | D:8      | Reached skill level 4 in Slings
  2573 | D:8      | Reached skill level 4 in Bows
  2573 | D:8      | Reached skill level 4 in Crossbows
  2573 | D:8      | Reached skill level 4 in Throwing
  2573 | D:8      | Reached skill level 4 in Armour
  2573 | D:8      | Reached skill level 4 in Shields
  2573 | D:8      | Reached skill level 4 in Unarmed Combat
  2573 | D:8      | Reached skill level 4 in Conjurations
  2573 | D:8      | Reached skill level 4 in Evocations
  2622 | D:8      | Reached * piety under Cheibriados
  2654 | D:8      | Reached skill level 6 in Stealth
  2701 | D:9      | Noticed a two-headed ogre
  2714 | D:9      | Learned a level 3 spell: Confuse
  2842 | D:9      | Reached skill level 5 in Invocations
  2848 | D:9      | Reached ** piety under Cheibriados
  2887 | D:9      | Reached skill level 7 in Spellcasting
  2887 | D:9      | Reached XP level 10. HP: 36/73 MP: 1/20
  2924 | D:10     | Entered Level 10 of the Dungeon
  2954 | D:10     | Noticed Maurice
  2962 | D:10     | Killed Maurice
  2962 | D:10     | Reached skill level 4 in Hexes
  2962 | D:10     | Reached skill level 4 in Charms
  2962 | D:10     | Reached skill level 4 in Summonings
  2962 | D:10     | Reached skill level 4 in Necromancy
  2962 | D:10     | Reached skill level 4 in Translocations
  2962 | D:10     | Reached skill level 4 in Transmutations
  2962 | D:10     | Reached skill level 4 in Ice Magic
  2962 | D:10     | Reached skill level 4 in Air Magic
  2962 | D:10     | Reached skill level 4 in Earth Magic
  2962 | D:10     | Reached skill level 4 in Poison Magic
  3019 | D:10     | Learned a level 2 spell: Passwall
  3082 | D:11     | Reached skill level 5 in Fighting
  3082 | D:11     | Reached skill level 5 in Short Blades
  3082 | D:11     | Reached skill level 5 in Long Blades
  3082 | D:11     | Reached skill level 5 in Axes
  3082 | D:11     | Reached skill level 5 in Maces & Flails
  3082 | D:11     | Reached skill level 5 in Polearms
  3082 | D:11     | Reached skill level 5 in Staves
  3082 | D:11     | Reached skill level 5 in Slings
  3082 | D:11     | Reached skill level 5 in Bows
  3082 | D:11     | Reached skill level 5 in Crossbows
  3082 | D:11     | Reached skill level 5 in Throwing
  3082 | D:11     | Reached skill level 5 in Armour
  3082 | D:11     | Reached skill level 5 in Shields
  3082 | D:11     | Reached skill level 5 in Unarmed Combat
  3082 | D:11     | Reached skill level 5 in Evocations
  3102 | D:11     | Reached skill level 7 in Fire Magic
  3120 | D:11     | Learned a level 5 spell: Fireball
  3159 | D:12     | Reached skill level 7 in Dodging
  3179 | D:12     | Noticed a death knight
  3212 | D:11     | Noticed a two-headed ogre
  3222 | D:11     | Killed a two-headed ogre
  3272 | D:11     | Reached skill level 5 in Conjurations
  3315 | D:11     | Reached skill level 6 in Invocations
  3433 | D:11     | Noticed a two-headed ogre
  3441 | D:11     | Killed a two-headed ogre
  3441 | D:11     | Reached skill level 7 in Stealth
  3451 | D:12     | Noticed a cyan ugly thing
  3495 | D:11     | Reached XP level 11. HP: 81/81 MP: 8/22
  3546 | D:11     | Reached *** piety under Cheibriados
  3876 | D:9      | Noticed a two-headed ogre
  3895 | D:9      | Killed a two-headed ogre
  3895 | D:9      | Reached skill level 6 in Fighting
  3895 | D:9      | Reached skill level 6 in Short Blades
  3895 | D:9      | Reached skill level 6 in Long Blades
  3895 | D:9      | Reached skill level 6 in Axes
  3895 | D:9      | Reached skill level 6 in Maces & Flails
  3895 | D:9      | Reached skill level 6 in Polearms
  3895 | D:9      | Reached skill level 6 in Staves
  3895 | D:9      | Reached skill level 6 in Slings
  3895 | D:9      | Reached skill level 6 in Bows
  3895 | D:9      | Reached skill level 6 in Crossbows
  3895 | D:9      | Reached skill level 6 in Throwing
  3895 | D:9      | Reached skill level 6 in Armour
  3895 | D:9      | Reached skill level 6 in Shields
  3895 | D:9      | Reached skill level 6 in Unarmed Combat
  3895 | D:9      | Reached skill level 5 in Hexes
  3895 | D:9      | Reached skill level 5 in Charms
  3895 | D:9      | Reached skill level 5 in Summonings
  3895 | D:9      | Reached skill level 5 in Necromancy
  3895 | D:9      | Reached skill level 5 in Translocations
  3895 | D:9      | Reached skill level 5 in Transmutations
  3895 | D:9      | Reached skill level 5 in Ice Magic
  3895 | D:9      | Reached skill level 5 in Air Magic
  3895 | D:9      | Reached skill level 5 in Earth Magic
  3895 | D:9      | Reached skill level 5 in Poison Magic
  3895 | D:9      | Reached skill level 6 in Evocations
  3919 | D:9      | Killed a two-headed ogre
  3919 | D:9      | Reached skill level 8 in Spellcasting
  3942 | D:9      | Found a staircase to the Lair.
  3978 | D:9      | Reached **** piety under Cheibriados
  4070 | D:9      | Found a staircase to the Orcish Mines.
  4139 | Orc:1    | Entered Level 1 of the Orcish Mines
  4139 | Orc:1    | Noticed an orc sorcerer
  4144 | Orc:1    | Killed an orc sorcerer
  4149 | Orc:1    | Reached skill level 7 in Invocations
  4223 | D:8      | Bought an uncursed amulet of magic regeneration for 420 gold pieces
  4287 | Orc:1    | Noticed an orc warlord
  4290 | Orc:1    | Noticed tidbits's ghost (journeyman GnFE)
  4302 | Orc:1    | Killed tidbits's ghost
  4302 | Orc:1    | Reached skill level 8 in Dodging
  4315 | Orc:1    | HP: 5/83 [orc warlord/great mace of protection (19)]
  4320 | Orc:1    | Killed an orc warlord
  4320 | Orc:1    | Reached skill level 6 in Conjurations
  4326 | Orc:1    | HP: 2/83 [orc priest/divine providence (11)]
  4345 | Orc:1    | Reached skill level 8 in Stealth
  4346 | Orc:1    | Noticed an orc sorcerer
  4350 | Orc:1    | Killed an orc sorcerer
  4350 | Orc:1    | Reached XP level 12. HP: 27/89 MP: 7/24
  4508 | Orc:1    | Noticed Fannar
  4537 | Orc:1    | Reached skill level 8 in Fire Magic
  4573 | Orc:1    | Noticed a two-headed ogre
  4585 | Orc:1    | Killed a two-headed ogre
  4624 | Orc:2    | Entered Level 2 of the Orcish Mines
  4657 | Orc:2    | Found a frozen archway.
  4684 | IceCv    | Entered an ice cave
  4698 | IceCv    | Reached skill level 7 in Fighting
  4698 | IceCv    | Reached skill level 7 in Short Blades
  4698 | IceCv    | Reached skill level 7 in Long Blades
  4698 | IceCv    | Reached skill level 7 in Axes
  4698 | IceCv    | Reached skill level 7 in Maces & Flails
  4698 | IceCv    | Reached skill level 7 in Polearms
  4698 | IceCv    | Reached skill level 7 in Staves
  4698 | IceCv    | Reached skill level 7 in Slings
  4698 | IceCv    | Reached skill level 7 in Bows
  4698 | IceCv    | Reached skill level 7 in Crossbows
  4698 | IceCv    | Reached skill level 7 in Throwing
  4698 | IceCv    | Reached skill level 7 in Armour
  4698 | IceCv    | Reached skill level 7 in Shields
  4698 | IceCv    | Reached skill level 7 in Unarmed Combat
  4698 | IceCv    | Reached skill level 7 in Evocations
  4817 | IceCv    | Reached skill level 6 in Hexes
  4817 | IceCv    | Reached skill level 6 in Charms
  4817 | IceCv    | Reached skill level 6 in Summonings
  4817 | IceCv    | Reached skill level 6 in Necromancy
  4817 | IceCv    | Reached skill level 6 in Translocations
  4817 | IceCv    | Reached skill level 6 in Transmutations
  4817 | IceCv    | Reached skill level 6 in Ice Magic
  4817 | IceCv    | Reached skill level 6 in Air Magic
  4817 | IceCv    | Reached skill level 6 in Earth Magic
  4817 | IceCv    | Reached skill level 6 in Poison Magic
  4856 | IceCv    | Reached ***** piety under Cheibriados
  4856 | IceCv    | Reached skill level 8 in Invocations
  4887 | IceCv    | Noticed a frost giant
  4896 | IceCv    | Reached skill level 9 in Spellcasting
  4912 | IceCv    | HP: 1/91 [frost giant/battleaxe of freezing (25)]
  4912 | IceCv    | Slain by a frost giant

Skill      XL: |  1  2  3  4  5  6  7  8  9 10 11 12 |
---------------+-------------------------------------+-----
Conjurations   | 2 3 4 5 6 |  6.5
Spellcasting   | 5 6 7 8 9 |  9.0
Fighting       | 1 2 3 4 5 6 7 |  7.3
Short Blades   | 1 2 3 4 5 6 7 |  7.3
Long Blades    | 1 2 3 4 5 6 7 |  7.3
Axes           | 1 2 3 4 5 6 7 |  7.3
Maces & Flails | 1 2 3 4 5 6 7 |  7.3
Polearms       | 1 2 3 4 5 6 7 |  7.3
Staves         | 1 2 3 4 5 6 7 |  7.3
Slings         | 1 2 3 4 5 6 7 |  7.3
Bows           | 1 2 3 4 5 6 7 |  7.3
Crossbows      | 1 2 3 4 5 6 7 |  7.3
Throwing       | 1 2 3 4 5 6 7 |  7.3
Armour         | 1 2 3 4 5 6 7 |  7.3
Shields        | 1 2 3 4 5 6 7 |  7.3
Unarmed Combat | 1 2 3 4 5 6 7 |  7.3
Invocations    | 1 2 3 4 5 6 7 8 |  8.0
Evocations     | 1 2 3 4 5 6 7 |  7.3
Hexes          | 1 2 3 4 5 6 |  6.1
Charms         | 1 2 3 4 5 6 |  6.1
Summonings     | 1 2 3 4 5 6 |  6.1
Necromancy     | 1 2 3 4 5 6 |  6.1
Translocations | 1 2 3 4 5 6 |  6.1
Transmutations | 1 2 3 4 5 6 |  6.1
Ice Magic      | 1 2 3 4 5 6 |  6.1
Air Magic      | 1 2 3 4 5 6 |  6.1
Earth Magic    | 1 2 3 4 5 6 |  6.1
Poison Magic   | 1 2 3 4 5 6 |  6.1
Dodging        | 5 6 7 8 |  8.7
Stealth        | 5 6 7 8 |  8.5
Fire Magic     | 6 7 8 |  8.3

Action                   |  1- 3 |  4- 6 |  7- 9 | 10-12 || total
-------------------------+-------+-------+-------+-------++-------
Melee: Dagger            |     9 |    41 |     2 |     6 ||    58
       Bite              |       |     1 |    25 |    46 ||    72
       Long sword        |       |     5 |    76 |       ||    81
       Punch             |       |     1 |     4 |       ||     5
       Staff             |       |       |   126 |   213 ||   339
       Unarmed           |       |       |    17 |       ||    17
Throw: Tomahawk          |       |       |     1 |    17 ||    18
 Cast: Flame Tongue      |    25 |    78 |    65 |    90 ||   258
       Sticky Flame      |       |     3 |    29 |    42 ||    74
       Conjure Flame     |       |       |     2 |    22 ||    24
       Passwall          |       |       |       |     8 ||     8
       Fireball          |       |       |       |    15 ||    15
       Throw Flame       |       |       |       |     2 ||     2
Invok: Bend Time         |       |       |       |     8 ||     8
       Slouch            |       |       |       |     3 ||     3
Evoke: Wand              |       |       |    11 |    23 ||    34
  Use: Scroll            |     2 |     4 |    10 |     6 ||    22
       Potion            |       |       |     7 |     4 ||    11
 Stab: Sleeping          |       |     4 |     3 |     2 ||     9
       Distracted        |       |       |     1 |       ||     1
       Confused          |       |       |       |     1 ||     1
  Eat: Ration            |       |     1 |     1 |       ||     2
       Chunk             |       |       |     4 |     8 ||    12
Armor: Robe              |       |    14 |    68 |    26 ||   108
       Skin              |       |       |     5 |       ||     5
       Troll leather arm |       |       |       |    25 ||    25
Dodge: Dodged            |     8 |    75 |   223 |   207 ||   513
Block: Buckler           |       |       |    23 |    84 ||   107
       Rpst.: Long sword |       |     2 |    31 |       ||    33

Table legend:
 A = Turns spent in this place as a percentage of turns spent in the entire game.
 B = Non-inter-level travel turns spent in this place as a percentage of non-inter-level travel turns spent in the entire game.
 C = Inter-level travel turns spent in this place as a percentage of turns spent in this place.
 D = Turns resting spent in this place as a percentage of non-inter-level travel turns spent in this place.
 E = Turns spent auto-exploring this place as a percentage of non-inter-level travel turns spent in this place.
 F = Non-inter-level travel turns spent in this place divided by the number of levels of this place that you've seen.
                   A       B       C       D       E      F
               +-------+-------+-------+-------+-------+----------------------
         Total | 100.0 | 100.0 |   2.5 |   0.0 |   0.0 | 299.2
       Dungeon |  84.7 |  85.1 |   2.1 |   0.0 |   0.0 | 339.7
        Temple |   1.6 |   0.9 |  48.1 |   0.0 |   0.0 |  42.0
  Orcish Mines |   9.0 |   9.2 |   0.0 |   0.0 |   0.0 | 220.5
      Ice Cave |   4.6 |   4.8 |   0.0 |   0.0 |   0.0 | 228.0
               +-------+-------+-------+-------+-------+----------------------

Table legend:
 A = Kills in this place as a percentage of kills in entire the game.
 B = Kills by you in this place as a percentage of kills by you in the entire game.
 C = Kills by friends in this place as a percentage of kills by friends in the entire game.
 D = Other kills in this place as a percentage of other kills in the entire game.
 E = Experience gained in this place as a percentage of experience gained in the entire game.
 F = Experience gained in this place divided by the number of levels of this place that you have seen.
                   A       B       C       D       E      F
               +-------+-------+-------+-------+-------+----------------------
         Total | 100.0 | 100.0 | 100.0 | 100.0 | 100.0 | 1691.6
       Dungeon |  74.8 |  75.6 |  54.5 |  50.0 |  51.1 | 1151.8
  Orcish Mines |  17.2 |  16.0 |  45.5 |  50.0 |  25.2 | 3407.0
      Ice Cave |   8.0 |   8.3 |   0.0 |   0.0 |  23.8 | 6430.0
               +-------+-------+-------+-------+-------+----------------------

Vault maps used:
D:1:      onia_arrival_pentagram
D:3:      roderic_roman_lattice
D:4:      hangedman_ru_absence
D:5:      lemuel_round_altar, first_ration, uniq_crazy_yiuf_cottage
D:6:      kennysheep_mini, minmay_temple_entry_purple_smoke, basic_altar,
          serial_shops, shop, lightli_corner_chamber
D:7:      kennysheep_little_box, nicolae_overflow_crystal_walls, uniq_joseph,
          uniq_duvessa
D:8:      cheibriados_altar_1, lemuel_doored_altar, special_room, serial_shops,
          shop
D:9:      fedhas_altar_2, lightli_temple_of_fire,
          gammafunk_temple_overflow_claw, erik_lair_orcish_takeover,
          zombieorc2_lemuel
D:10:     uniq_nergalle, uniq_maurice
Temple:   jpeg_temple_alley_garden
Orc:1:    uniq_fannar
Orc:2:    st_orc_pillars, portal_ice_cave_entry_pillars_2
IceCv:    ice_cave_small_giant
